 Seeded DCSS version 0.30-a0-122-g2a1322497e (webtiles) character file.

Game seed: 8392815077818668581 (custom seed)

96 NinjaNoafa the Chopper (level 4, -2/41 HPs)
             Began as a Minotaur Monk on Sept 16, 2022.
             Was a Priest of Cheibriados.
             Slain by an orc
             ... wielding a +0 trident
              (6 damage)
             ... on level 3 of the Dungeon.
             The game lasted 00:03:48 (1764 turns).

NinjaNoafa the Chopper (Minotaur Monk)              Turns: 1764, Time: 00:03:49

Health: -2/41      AC:  3    Str: 25 (26) XL:     4   Next: 41%
Magic:  0/3        EV: 13    Int: 12 (15) God:    Cheibriados [***...]
Gold:   178        SH:  0    Dex: 19 (20) Spells: 3/3 levels left

rFire   . . .      SeeInvis .    a - +0 hand axe
rCold   . . .      Faith    .    (no shield)
rNeg    . . .      Spirit   +    n - +0 leather armour
rPois   .          Reflect  .    (helmet restricted)
rElec   .          Harm     .    (no cloak)
rCorr   .          Rampage  .    (no gloves)
Will    ++...                    (no boots)
Stlth   ++........               m - amulet of guardian spirit
HPRegen 0.13/turn                k - ring of the Scarab {Wiz Will++}
MPRegen 0.08/turn                (no ring)

@: flying, very slow
A: horns 2, retaliatory headbutt
a: Renounce Religion, Bend Time, Temporal Distortion


You were on level 3 of the Dungeon.
You worshipped Cheibriados.
Cheibriados was most pleased with you.
You visited 1 branch of the dungeon, and saw 3 of its levels.

You collected 178 gold pieces.

Inventory:

Hand Weapons
 a - a +0 hand axe (weapon)
Missiles
 e - 7 stones (quivered)
Armour
 d - a +0 chain mail
 l - a +0 robe
 n - a +0 leather armour (worn)
Jewellery
 k - the ring of the Scarab (left hand) {Wiz Will++}
   (You found it on level 2 of the Dungeon)

   [ring of wizardry]

   It improves your spell success rate.
   Will:      It greatly increases your willpower.
 m - an amulet of guardian spirit (around neck)
Scrolls
 b - 2 scrolls of fear {unknown}
 h - a scroll of butterflies {unknown}
 i - 2 scrolls of blinking {unknown}
 j - a scroll of acquirement {unknown}
 o - a scroll of enchant weapon {unknown}


   Skills:
 + Level 4.6 Fighting
 + Level 4.6 Axes
 - Level 2.2 Armour
 - Level 3.2 Dodging
 - Level 1.5 Stealth
 + Level 1.2 Invocations


You had 3 spell levels left.
You didn't know any spells.
Your spell library contained the following spells:

 Spells                   Type           Power      Damage    Failure   Level
 Slow                     Hex            0%         N/A       16%         1
 Inner Flame              Hex/Fire       0%         N/A       38%         3
 Cause Fear               Hex            0%         N/A       78%         4
 Discord                  Hex            0%         N/A       100%        8


Dungeon Overview and Level Annotations

Branches:
Dungeon (3/15)

Altars:
Cheibriados


Innate Abilities, Weirdness & Mutations

You have a pair of horns on your head.
You reflexively headbutt those who attack you in melee.


Message History

You hit the orc wizard. The orc closely misses you. The orc wizard misses you.
You hit the orc wizard. You headbutt the orc wizard!
You kill the orc wizard!
Cheibriados thoroughly appreciates the change of pace.
You hit something. The orc misses you. Something hits you.
You feel your dexterity returning.
Your Invocations skill increases to level 1!
You bump into the rock wall.
You feel less invigorated.
You feel less confused.
The orc hits you from afar with a +0 trident.
You hear some strange, mumbled words.
A puff of flame appears from out of thin air!
The puff of flame misses you.
The orc hits you from afar with a +0 trident.
A kobold comes into view.
It is wielding a +0 dagger and quivering poisoned darts.
Something barely misses you. x2; The orc barely misses you.
The kobold moves out of view.
Things that are here:
a +0 dagger; a +0 robe You hit something but do no damage.
The orc barely misses you. Something hits you but does no damage.
You miss something. You punch something. The orc closely misses you.
Something hits you.
You closely miss something.
The orc hits you from afar with a +0 trident.
Something hits you.
You hit something. Your headbutt misses something.
The orc hits you from afar with a +0 trident.
Something hits you.
You barely miss something. The orc barely misses you.
You hear some strange, mumbled words.
A magic dart appears from out of thin air!
The magic dart hits you.
You miss something. Your headbutt misses something. The orc barely misses you.
You hear some strange, mumbled words.
A magic dart appears from out of thin air!
The magic dart hits you!
* * * LOW HITPOINT WARNING * * *
The orc hits you with a +0 trident!
You die...

###
##################.##
....................#
######..##########.##
#)<# #.# #@{# #.#
........o...... #.#
###.......#####. #.#
####..#.# #. #.#
#.#..# ##.# #.# .#
#.# ##...##.# ## ..
.....#.# . ...#.#
####.#.#.#


You could see an orc.

Vanquished Creatures
  An orc wizard (D:3)
  2 adders (D:2)
  An orc (D:3)
  8 endoplasms
  2 giant cockroaches
  9 goblins
  3 hobgoblins (D:1)
  A jackal (D:2)
  2 quokkas (D:1)
  2 ball pythons (D:2)
  7 bats
  4 frilled lizards (D:2)
  A kobold (D:1)
  6 rats
49 creatures vanquished.

Notes
Turn   | Place    | Note
-------+----------+-------------------------------------------
     0 | D:1      | NinjaNoafa the Minotaur Monk began the quest for the Orb.
     0 | D:1      | Reached XP level 1. HP: 19/19 MP: 0/0
   158 | D:1      | Reached skill level 1 in Armour
   168 | D:1      | Reached XP level 2. HP: 25/27 MP: 1/1
   736 | D:1      | Found a faded altar of an unknown god.
   744 | D:1      | Got Plato's Handbook of Spellbinding
   745 | D:1      | Prayed at the altar of an unknown god.
   745 | D:1      | Became a worshipper of Cheibriados the Contemplative
   745 | D:1      | Reached * piety under Cheibriados
   745 | D:1      | Reached ** piety under Cheibriados
   874 | D:1      | Reached XP level 3. HP: 32/33 MP: 2/2
  1145 | D:2      | Reached *** piety under Cheibriados
  1416 | D:2      | Identified the ring of the Scarab {Wiz Will++}
  1628 | D:2      | Reached XP level 4. HP: 40/41 MP: 3/3
  1756 | D:3      | Reached skill level 1 in Invocations
  1764 | D:3      | Slain by an orc

Illustrated notes

Levels and vault maps discovered:
D:1:      wander_arrival_abandoned_jail, layout_loops_ring,
          shapermc_ecumenical_altar_rom_forum
D:2:      kb_forest_paths, layout_basic, st_stairs_1
D:3:      layout_loops_ring, minmay_checkerbox

Skill      XL: |  1  2  3  4 |
---------------+-------------+-----
Armour         | 1 2 |  2.2
Fighting       | 4 |  4.6
Axes           | 4 |  4.6
Invocations    | 1 |  1.2
Dodging        | |  3.2
Stealth        | |  1.5

Action                   |  1- 3 |  4- 6 || total
-------------------------+-------+-------++-------
Melee: Hand axe          |    81 |     9 ||    90
       Headbutt          |     8 |     2 ||    10
       Punch             |       |     1 ||     1
  Use: Potion            |       |     3 ||     3
 Stab: Sleeping          |     1 |       ||     1
Armor: Chain mail        |    45 |       ||    45
       Robe              |     4 |       ||     4
       Leather armour    |       |     3 ||     3
Dodge: Dodged            |    48 |    18 ||    66

Table legend: (Time is in decaauts)
 A = Elapsed time spent in this place.
 B = Non-inter-level travel time spent in this place.
 C = Inter-level travel time spent in this place.
 D = Time resting spent in this place.
 E = Time spent auto-exploring this place.
 F = Levels seen in this place.
 G = Mean time per level.
                   A        B        C        D        E       F      G
               +--------+--------+--------+--------+--------+-----+--------+
         Total |   2280 |   1959 |    321 |      0 |   1527 |   3 |  760.0 |
       Dungeon |   2280 |   1959 |    321 |      0 |   1527 |   3 |  760.0 |
               +--------+--------+--------+--------+--------+-----+--------+

Top non-repeatable levels by time:
     D:1: 1282 daAuts
     D:2: 940 daAuts
     D:3: 57 daAuts
